 Dungeon Crawl Stone Soup version 0.24-a0-507-g3e8b2426 (webtiles) character file.

Game seed: 8564684138420864239

15 DinnerBoy7 the Skirmisher (level 2, 0/32 HPs)
             Began as an Ogre Fighter on July 18, 2019.
             Shot with a stone by a goblin (3 damage)
             ... on level 2 of the Dungeon.
             The game lasted 00:02:54 (714 turns).

DinnerBoy7 the Skirmisher (Ogre Fighter)             Turns: 714, Time: 00:02:55

Health: 0/32       AC:  3    Str: 19    XL:     2   Next: 50%
Magic:  11/11      EV:  8    Int: 12    God:
Gold:   30         SH:  8    Dex:  8    Spells: 1/1 levels left

rFire    . . .     SeeInvis .   a - +0 war axe
rCold    . . .     Gourm    .   c - +0 shield
rNeg     . . .     Faith    .   b - +0 robe
rPois    .         Spirit   .   (helmet restricted)
rElec    .         Reflect  .   (no cloak)
rCorr    .         Harm     .   (gloves unavailable)
MR       .....                  (boots unavailable)
Stlth    +.........             (no amulet)
HPRegen  0.10/turn              g - +3 ring of intelligence
MPRegen  0.12/turn              h - ring of magical power

@: no status effects
A: large, unfitting armour, tough skin 1
a: no special abilities


You were on level 2 of the Dungeon.
You were not hungry.

You visited 1 branch of the dungeon, and saw 2 of its levels.

You collected 30 gold pieces.

Inventory:

Hand Weapons
 a - a +0 war axe (weapon)
Armour
 b - a +0 robe (worn)
 c - a +0 shield (worn)
Jewellery
 g - a +3 ring of intelligence (left hand)
 h - a ring of magical power (right hand)
Scrolls
 e - 2 scrolls of enchant armour {unknown}
 j - a scroll of identify {unknown}
 k - a scroll of teleportation {unknown}
 l - a scroll of magic mapping {unknown}
Potions
 d - a potion of might
 i - a potion of curing {unknown}
Comestibles
 f - a ration


   Skills:
 + Level 4.2 Fighting
 + Level 2.2 Axes
 + Level 2.9 Dodging
 + Level 2.9 Shields


You had one spell level left.
You didn't know any spells.
Your spell library was empty.

Dungeon Overview and Level Annotations

Branches:
Dungeon (1/15)

Altars:
Makhleb


Innate Abilities, Weirdness & Mutations

You are too large for most types of armour.
You have tough skin. (AC +1)


Message History

The goblin shoots a stone.
You block the stone. The quokka bites you.
The goblin shoots a stone.
The stone barely misses you.
You closely miss the quokka. You block the quokka's attack.
The goblin shoots a stone.
The stone hits you.
* * * LOW HITPOINT WARNING * * *
The quokka bites you but does no damage.
The quokka misses you.
The goblin shoots a stone.
The stone barely misses you.
You see here 2 stones.
You see here a stone.
You closely miss the quokka. The quokka bites you.
* * * LOW HITPOINT WARNING * * *
The quokka closely misses you.
You barely miss the quokka. The quokka bites you.
* * * LOW HITPOINT WARNING * * *
The quokka bites you but does no damage.
You barely miss the quokka. The quokka barely misses you.
You slash the quokka!
You kill the quokka!
The goblin shoots a stone.
The stone hits you.
You die...

###############
#.............#
####.####.######.#
§§≈§§≈≈≈≈≈# #.#
####'####≈# #>#
#≈≈§§≈≈≈### #.#
⌠≈.....≈⌠# #@#
#≈§._..§## ##(##
⌠≈§....§⌠# ##.g.##
#≈≈§≈≈≈≈## #..(..#
###⌠#⌠###
#.......# ## ##
.>............#
####..........#
#........##.#
#.##...... ..


You could see a goblin.

Vanquished Creatures
  A dart slug (D:1)
  A goblin (D:1)
  2 hobgoblins (D:1)
  A kobold (D:1)
  A quokka (D:2)
  2 bats (D:1)
  3 frilled lizards
  3 rats (D:1)
14 creatures vanquished.

Notes
Turn   | Place    | Note
-------+----------+-------------------------------------------
     0 | D:1      | DinnerBoy7 the Ogre Fighter began the quest for the Orb.
     0 | D:1      | Reached XP level 1. HP: 24/24 MP: 1/1
   312 | D:1      | Reached XP level 2. HP: 28/32 MP: 2/2
   659 | D:1      | You fall into a shaft and drop 1 floor!
   659 | D:2      | Found a burning altar of Makhleb.
   714 | D:2      | Shot with a stone by a goblin

Levels and vault maps discovered:
D:1:      minmay_arrival_loop, layout_basic, grunt_decor_arrowhead
D:2:      layout_loops_ring, lightli_temple_of_fire,
          chequers_ecumenical_altar_simple_redux, first_ration,
          minmay_misc_feat_columns

Action                   || total
-------------------------++-------
Melee: War axe           ||    49
Armor: Robe              ||    18
Dodge: Dodged            ||    25
Block: Shield            ||    34

Table legend:
 A = Non-vault XP
 B = Vault XP
 C = Vault XP percentage of total XP
 D = Non-vault monster count
 E = Vault monster count
 F = Vault count percentage of total count
                 A         B        C        D         E       F
            +---------+---------+-------+---------+---------+-------
      Total |      22 |       0 |   0.0 |      14 |       0 |   0.0
            +---------+---------+-------+---------+---------+-------
        D:1 |      19 |       0 |   0.0 |      12 |       0 |   0.0
        D:2 |       3 |       0 |   0.0 |       2 |       0 |   0.0
            +---------+---------+-------+---------+---------+-------
